MLB
BOSTON RED SOX @ SEATTLE MARINERS
05/24/2039
 
TOP OF THE 1ST
Boston Red Sox batting - Pitching for Seattle Mariners : RHP Mike Parga
Pitching: RHP Mike Parga
Batting: LHB Petey Halpin 0-0: Ball
1-0: Ball
2-0: Ball
3-0: Called Strike
3-1: Called Strike
3-2: Foul Ball, location: 7LDF
3-2: DOUBLE (Line Drive, 89XD, EV 107.5 MPH)
Batting: SHB Ron McCoy 0-0: Called Strike
0-1: Ball
1-1: Ball
2-1: Foul Ball, location: 2F
2-2: Ground out 4-3 (Groundball, 4S, EV 88.8 MPH)
Petey Halpin to third
Batting: LHB Tony Ramos 0-0: Foul Ball, location: 7LMF
0-1: Foul Ball, location: 2F
0-2: Strikes out swinging
Batting: LHB Pat Carlson 0-0: Called Strike
0-1: Ball
1-1: Foul Ball, location: 3FF
1-2: Fly out, F9 (Flyball, 89M, EV 83.1 MPH)
Top of the 1st over - 0 runs, 1 hit, 0 errors, 1 left on base; Boston 0 - Seattle 0
BOTTOM OF THE 1ST
Seattle Mariners batting - Pitching for Boston Red Sox : RHP Plinio Israel
Pitching: RHP Plinio Israel
Batting: LHB Jarred Kelenic 0-0: Called Strike
0-1: Called Strike
0-2: Ball
1-2: Ball
2-2: Ball
3-2: Foul Ball, location: 2F
3-2: Fly out, F6 (Flyball, 56D, EV 95.0 MPH)
Batting: LHB Jeremy Curtiss 0-0: Called Strike
0-1: Ball
1-1: Called Strike
1-2: Ball
2-2: Ground out 6-3 (Groundball, 6, EV 91.3 MPH)
Batting: SHB Luis Gonzalez 0-0: Called Strike
0-1: Ball
1-1: Foul Ball, location: 5DF
1-2: Ball
2-2: Foul Ball, location: 2F
2-2: Ball
3-2: Ground out 6-3 (Groundball, 6M, EV 104.4 MPH)
Bottom of the 1st over - 0 runs, 0 hits, 0 errors, 0 left on base; Boston 0 - Seattle 0
TOP OF THE 2ND
Boston Red Sox batting - Pitching for Seattle Mariners : RHP Mike Parga
Batting: RHB Vladimir Guerrero Jr. 0-0: Fly out, F8 (Flyball, 8LXD, EV 88.1 MPH)
Batting: SHB Reginald Preciado 0-0: Ball
1-0: Ball
2-0: Ball
3-0: Called Strike
3-1: Foul Ball, location: 2F
3-2: Foul Ball, location: 2RF
3-2: SINGLE (Line Drive, 9LS, EV 108.8 MPH)
Batting: RHB Jo Adell 0-0: Called Strike
0-1: Foul Ball, location: 25F
0-2: Ball
1-2: Foul Ball, location: 9LMF
1-2: Foul Ball, location: 2F
1-2: Foul Ball, location: 9LSF
1-2: Foul Ball, location: 5F
1-2: SINGLE (Flyball, 56D, EV 93.1 MPH)
Reginald Preciado to second
Reginald Preciado to third
Batting: SHB Adael Amador 0-0: Ball
1-0: Fielders Choice at 2nd, 6-4 (Groundball, 6, EV 98.8 MPH)
Reginald Preciado scores
Batting: LHB Alex Saucedo 0-0: Ball
1-0: Swinging Strike
1-1: Ball
2-1: Ball
3-1: Foul Ball, location: 5SF
3-2: Base on Balls
Adael Amador to second
Batting: LHB Petey Halpin 0-0: Ball
1-0: Ball
2-0: SINGLE (Line Drive, 4MD, EV 94.4 MPH)
Adael Amador to third
Alex Saucedo to second
Runner from 3rd tries for Home, SAFE, throw by CF to home
Batting: SHB Ron McCoy 0-0: Ball
1-0: Called Strike
1-1: Ball
2-1: Fly out, F7 (Line Drive, 7D, EV 94.4 MPH)
Top of the 2nd over - 2 runs, 3 hits, 0 errors, 2 left on base; Boston 2 - Seattle 0
BOTTOM OF THE 2ND
Seattle Mariners batting - Pitching for Boston Red Sox : RHP Plinio Israel
Batting: LHB Jimmy Bush 0-0: Ball
1-0: Hit by Pitch
Batting: RHB Cortez Ruiz 0-0: Called Strike
0-1: Ball
1-1: Called Strike
1-2: Ball
2-2: Foul Ball, location: 2F
2-2: Strikes out looking
Batting: LHB Danny Arroyo 0-0: Foul Ball, location: 3FF
0-1: Ball
1-1: Swinging Strike
1-2: Strikes out looking
Batting: RHB Bobby Orr 0-0: Swinging Strike
0-1: Foul Ball, location: 5F
0-2: Ball
1-2: Strikes out swinging
Bottom of the 2nd over - 0 runs, 0 hits, 0 errors, 1 left on base; Boston 2 - Seattle 0
TOP OF THE 3RD
Boston Red Sox batting - Pitching for Seattle Mariners : RHP Mike Parga
Batting: LHB Tony Ramos 0-0: Called Strike
0-1: Foul Ball, location: 2F
0-2: Foul Ball, location: 2F
0-2: Ball
1-2: Ball
2-2: Ball
3-2: Foul Ball, location: 9LMF
3-2: Foul Ball, location: 9LSFF
3-2: Base on Balls
Batting: LHB Pat Carlson 0-0: Ball
1-0: Called Strike
1-1: Swinging Strike
1-2: Strikes out swinging
Batting: RHB Vladimir Guerrero Jr. 0-0: Swinging Strike
0-1: Ball
1-1: Foul Ball, location: 25F
1-2: Foul Ball, location: 9LMF
1-2: Ball
2-2: Strikes out swinging
Batting: SHB Reginald Preciado 0-0: Ball
1-0: Ball
2-0: Swinging Strike
2-1: Foul Ball, location: 2F
2-2: SINGLE (Line Drive, 7S, EV 85.0 MPH)
Tony Ramos to second
Batting: RHB Jo Adell 0-0: Called Strike
0-1: Ball
1-1: Ball
2-1: Foul Ball, location: 5DF
2-2: Ball
3-2: Fly out, F9 (Flyball, 89M, EV 76.3 MPH)
Top of the 3rd over - 0 runs, 1 hit, 0 errors, 2 left on base; Boston 2 - Seattle 0
BOTTOM OF THE 3RD
Seattle Mariners batting - Pitching for Boston Red Sox : RHP Plinio Israel
Batting: RHB Steve Richardson 0-0: Called Strike
0-1: Called Strike
0-2: Foul Ball, location: 2F
0-2: Foul Ball, location: 5DF
0-2: Fly out, F7 (Line Drive, 78M, EV 98.1 MPH)
Batting: SHB Danny Castellanos 0-0: Ball
1-0: Ball
2-0: Swinging Strike
2-1: Called Strike
2-2: Ball
3-2: Base on Balls
Batting: LHB Jarred Kelenic 0-0: Ball
Danny Castellanos is caught stealing 2nd base 2-6
1-0: Ball
2-0: Swinging Strike
2-1: Ball
3-1: Swinging Strike
3-2: Strikes out swinging
Bottom of the 3rd over - 0 runs, 0 hits, 0 errors, 0 left on base; Boston 2 - Seattle 0
TOP OF THE 4TH
Boston Red Sox batting - Pitching for Seattle Mariners : RHP Mike Parga
Batting: SHB Adael Amador 0-0: Ball
1-0: Swinging Strike
1-1: Ball
2-1: Swinging Strike
2-2: Strikes out looking
Batting: LHB Alex Saucedo 0-0: Ball
1-0: Swinging Strike
1-1: Ball
2-1: Ball
3-1: Swinging Strike
3-2: Foul Ball, location: 2F
3-2: Foul Ball, location: 23F
3-2: Base on Balls
Batting: LHB Petey Halpin 0-0: Called Strike
0-1: Swinging Strike
0-2: Foul Ball, location: 2F
0-2: SINGLE (Groundball, 4MD, EV 109.4 MPH)
Alex Saucedo to second
Batting: SHB Ron McCoy 0-0: Called Strike
0-1: Called Strike
0-2: Fielders Choice at 2nd, 4-6 (Groundball, 4, EV 86.3 MPH)
Alex Saucedo to third
Batting: LHB Tony Ramos 0-0: Ball
1-0: Fly out, F8 (Line Drive, 8LM, EV 105.0 MPH)
Top of the 4th over - 0 runs, 1 hit, 0 errors, 2 left on base; Boston 2 - Seattle 0
BOTTOM OF THE 4TH
Seattle Mariners batting - Pitching for Boston Red Sox : RHP Plinio Israel
Batting: LHB Jeremy Curtiss 0-0: Fly out, F9 (Flyball, 9D, EV 99.4 MPH)
Batting: SHB Luis Gonzalez 0-0: Ball
1-0: Called Strike
1-1: Ball
2-1: Ball
3-1: Fly out, F6 (Popup, P, EV 86.9 MPH)
Batting: LHB Jimmy Bush 0-0: Ball
1-0: DOUBLE (Line Drive, 3D, EV 94.4 MPH)
Batting: RHB Cortez Ruiz 0-0: Foul Ball, location: 2F
0-1: Called Strike
0-2: Ball
1-2: Ball
2-2: Ball
3-2: Foul Ball, location: 3DF
3-2: SINGLE (Groundball, 4MD, EV 101.3 MPH)
Jimmy Bush to third
Runner from 3rd tries for Home, SAFE, throw by CF to home
Cortez Ruiz to second
Batting: LHB Danny Arroyo 0-0: Ball
1-0: Ball
2-0: Called Strike
2-1: Ball
3-1: Base on Balls
Batting: RHB Bobby Orr 0-0: Called Strike
0-1: Ball
1-1: Foul Ball, location: 9LSF
1-2: Ground out 1-3 (Groundball, 13S, EV 68.1 MPH)
Bottom of the 4th over - 1 run, 2 hits, 0 errors, 2 left on base; Boston 2 - Seattle 1
TOP OF THE 5TH
Boston Red Sox batting - Pitching for Seattle Mariners : RHP Mike Parga
Batting: LHB Pat Carlson 0-0: Ball
1-0: Ball
2-0: Ball
3-0: Called Strike
3-1: Base on Balls
Pitching: RHP Pat Harnett
Batting: RHB Vladimir Guerrero Jr. 0-0: Ball
1-0: Called Strike
1-1: Foul Ball, location: 9LSF
1-2: Foul Ball, location: 9LMFF
1-2: Strikes out swinging
Batting: SHB Reginald Preciado 0-0: Swinging Strike
0-1: Ball
1-1: Ball
2-1: Called Strike
2-2: Strikes out swinging
Batting: RHB Jo Adell 0-0: Ball
1-0: Swinging Strike
1-1: Fly out, F9 (Flyball, 9LS, EV 86.9 MPH)
Top of the 5th over - 0 runs, 0 hits, 0 errors, 1 left on base; Boston 2 - Seattle 1
BOTTOM OF THE 5TH
Seattle Mariners batting - Pitching for Boston Red Sox : RHP Plinio Israel
Batting: RHB Steve Richardson 0-0: DOUBLE (Line Drive, 89D, EV 107.5 MPH)
Batting: SHB Danny Castellanos 0-0: Ball
1-0: Ball
2-0: Called Strike
2-1: Fly out, F7 (Line Drive, 7, EV 106.3 MPH)
Batting: LHB Jarred Kelenic 0-0: Ball
1-0: Ball
2-0: Ball
3-0: Called Strike
3-1: Base on Balls
Batting: LHB Jeremy Curtiss 0-0: Ball
1-0: Fielders Choice at 2nd, 3-6 (Groundball, 23, EV 86.9 MPH)
Steve Richardson to third
Batting: SHB Luis Gonzalez 0-0: Ball
1-0: Fielders Choice at 2nd, 6-4 (Groundball, 6, EV 105.6 MPH)
Bottom of the 5th over - 0 runs, 1 hit, 0 errors, 2 left on base; Boston 2 - Seattle 1
TOP OF THE 6TH
Boston Red Sox batting - Pitching for Seattle Mariners : RHP Pat Harnett
Batting: SHB Adael Amador 0-0: Ball
1-0: Ball
2-0: Called Strike
2-1: Ground out 4-3 (Groundball, 4M, EV 86.9 MPH)
Batting: LHB Alex Saucedo 0-0: Called Strike
0-1: Swinging Strike
0-2: Strikes out swinging
Batting: LHB Petey Halpin 0-0: Swinging Strike
0-1: Fly out, F9 (Line Drive, 9, EV 88.1 MPH)
Top of the 6th over - 0 runs, 0 hits, 0 errors, 0 left on base; Boston 2 - Seattle 1
BOTTOM OF THE 6TH
Seattle Mariners batting - Pitching for Boston Red Sox : RHP Plinio Israel
Batting: LHB Jimmy Bush 0-0: Ball
1-0: Swinging Strike
1-1: Ball
2-1: Foul Ball, location: 25FF
2-2: Reached on error, E6 (Groundball, 4M, EV 69.4 MPH)
Batting: RHB Cortez Ruiz 0-0: Foul Ball, location: 3FF
0-1: Foul Ball, location: 2F
0-2: Foul Ball, location: 5DF
0-2: Strikes out swinging
Batting: LHB Danny Arroyo 0-0: Ball
1-0: Foul Ball, location: 23F
1-1: Swinging Strike
1-2: Grounds into double play, 3-6-3 (Groundball, 3, EV 90.6 MPH)
Bottom of the 6th over - 0 runs, 0 hits, 1 error, 0 left on base; Boston 2 - Seattle 1
TOP OF THE 7TH
Boston Red Sox batting - Pitching for Seattle Mariners : RHP Pat Harnett
Pitching: RHP Josh O'Neal
Batting: SHB Ron McCoy 0-0: Foul Ball, location: 2F
0-1: Foul Ball, location: 5F
0-2: Ground out 6-3 (Groundball, 4M, EV 108.1 MPH)
Batting: LHB Tony Ramos 0-0: Ground out 4-3 (Groundball, 4, EV 90.6 MPH)
Batting: LHB Pat Carlson 0-0: Ball
1-0: Ball
2-0: Fly out, F7 (Line Drive, 7S, EV 97.5 MPH)
Top of the 7th over - 0 runs, 0 hits, 0 errors, 0 left on base; Boston 2 - Seattle 1
BOTTOM OF THE 7TH
Seattle Mariners batting - Pitching for Boston Red Sox : RHP Plinio Israel
Batting: RHB Bobby Orr 0-0: DOUBLE (Groundball, 3L, EV 105.0 MPH)
Batting: RHB Steve Richardson 0-0: Ball
1-0: Foul Ball, location: 2F
1-1: Ball
2-1: Fly out, F7 (Flyball, 7LM, EV 83.8 MPH)
Pinch Hitting: RHB Steven Munim 0-0: Called Strike
0-1: Ball
1-1: SINGLE (Groundball, 34D, EV 104.4 MPH)
Bobby Orr to third
Runner from 3rd tries for Home, SAFE, throw by RF to home
Batting: LHB Jarred Kelenic 0-0: Ball
1-0: Fielders Choice at 2nd, 3-6 (Groundball, 3, EV 104.4 MPH)
Batting: LHB Jeremy Curtiss 0-0: Called Strike
Jarred Kelenic steals 2nd base
0-1: Ball
1-1: Ball
2-1: Called Strike
2-2: Fly out, F9 (Flyball, 89S, EV 95.6 MPH)
Bottom of the 7th over - 1 run, 2 hits, 0 errors, 1 left on base; Boston 2 - Seattle 2
TOP OF THE 8TH
Boston Red Sox batting - Pitching for Seattle Mariners : RHP Josh O'Neal
Now in CF: Jon Nanney
Batting: RHB Vladimir Guerrero Jr. 0-0: Ball
1-0: Called Strike
1-1: Swinging Strike
1-2: Strikes out swinging
Pitching: RHP Eric Kenner
Batting: SHB Reginald Preciado 0-0: Fly out, F8 (Flyball, 78S, EV 98.8 MPH)
Pinch Hitting: LHB Josh Mink 0-0: Foul Ball, location: 7LMF
0-1: Called Strike
0-2: Ball
1-2: Ball
2-2: Ball
3-2: Foul Ball, location: 23FF
3-2: Foul Ball, location: 3DF
3-2: Base on Balls
Batting: SHB Adael Amador 0-0: Ball
1-0: Ball
2-0: Called Strike
2-1: 2-RUN HOME RUN (Flyball, 7D, EV 98.8 MPH), Distance : 367 ft
Pitching: LHP Trey Larson
Batting: LHB Alex Saucedo 0-0: Ball
1-0: Ball
2-0: Foul Ball, location: 2F
2-1: Foul Ball, location: 5FF
2-2: Ground out 5-3 (Groundball, 56, EV 98.8 MPH)
Top of the 8th over - 2 runs, 1 hit, 0 errors, 0 left on base; Boston 4 - Seattle 2
BOTTOM OF THE 8TH
Seattle Mariners batting - Pitching for Boston Red Sox : RHP Plinio Israel
Pitching: RHP Jose Perez
Now in RF: Steve Anderson
Batting: SHB Luis Gonzalez 0-0: Fly out, F8 (Flyball, 78M, EV 93.1 MPH)
Batting: LHB Jimmy Bush 0-0: Ball
1-0: Ball
2-0: Ball
3-0: Called Strike
3-1: Called Strike
3-2: Foul Ball, location: 2F
3-2: SINGLE (Groundball, 34S, EV 65.6 MPH) (infield hit)
Batting: RHB Cortez Ruiz 0-0: Called Strike
0-1: Ball
1-1: Grounds into double play, 4-6-3 (Groundball, 4M, EV 110.0 MPH)
Bottom of the 8th over - 0 runs, 1 hit, 0 errors, 0 left on base; Boston 4 - Seattle 2
TOP OF THE 9TH
Boston Red Sox batting - Pitching for Seattle Mariners : LHP Trey Larson
Batting: LHB Petey Halpin 0-0: Swinging Strike
0-1: Ball
1-1: Ball
2-1: Ball
3-1: Foul Ball, location: 2F
3-2: Fly out, F9 (Line Drive, 9LM, EV 94.4 MPH)
Batting: SHB Ron McCoy 0-0: Called Strike
0-1: SOLO HOME RUN (Flyball, 9D, EV 97.5 MPH), Distance : 383 ft
Batting: LHB Tony Ramos 0-0: Ball
1-0: Ball
2-0: Ground out 4-3 (Groundball, 4, EV 102.5 MPH)
Batting: LHB Pat Carlson 0-0: Called Strike
0-1: Hit by Pitch
Pitching: LHP Michael Gaston
Batting: RHB Vladimir Guerrero Jr. 0-0: Ball
1-0: Called Strike
1-1: Ball
2-1: Ball
3-1: Base on Balls
Pat Carlson to second
Batting: SHB Reginald Preciado 0-0: Ball
1-0: Called Strike
1-1: Ball
2-1: Foul Ball, location: 2F
2-2: Foul Ball, location: 3F
2-2: Ball
3-2: Base on Balls
Pat Carlson to third
Vladimir Guerrero Jr. to second
Batting: RHB Steve Anderson 0-0: Foul Ball, location: 23F
0-1: Ball
1-1: Called Strike
1-2: Fly out, F7 (Flyball, 7S, EV 86.9 MPH)
Top of the 9th over - 1 run, 1 hit, 0 errors, 3 left on base; Boston 5 - Seattle 2
BOTTOM OF THE 9TH
Seattle Mariners batting - Pitching for Boston Red Sox : RHP Jose Perez
Pitching: RHP Bobby Bonetti
Batting: LHB Danny Arroyo 0-0: Ball
1-0: Ball
2-0: Foul Ball, location: 3F
2-1: Foul Ball, location: 2F
2-2: Ball
3-2: Base on Balls
Batting: RHB Bobby Orr 0-0: Called Strike
0-1: Called Strike
0-2: Strikes out swinging
Pinch Hitting: RHB Gus Gayosso 0-0: Foul Ball, location: 9LMF
0-1: Grounds into double play, 6-4-3 (Groundball, 6, EV 84.4 MPH)
Bottom of the 9th over - 0 runs, 0 hits, 0 errors, 0 left on base; Boston 5 - Seattle 2
Monday, April 8th , 2024 - OOTP Baseball 24.11 Build 85